Map: Frozen Temple

Players

trutacz - Winner!

  • Race: Zerg Zerg
  • League: Master

Miszu

  • Race: Terran Terran
  • League: Master

VOD

Have the link to the VOD?

Description

Time

  • Played on: May 9, 2016, 5:54 p.m.
  • Length: 12:48
Show
View Real Time Build Order
Export as new Build Order

trutacz Zerg - Winner!

Build Orders: Hatch First 

Get SALT Encoding   

  12  0:01  Drone  
  13  0:14  Overlord  
  13  0:18  Drone  
  14  0:33  Drone x2  
  16  0:36  Drone  
  17  0:53  Hatchery  
  17  0:56  Drone  
  17  0:58  Drone  
  18  1:10  Extractor  
  17  1:13  Spawning Pool  
  17  1:16  Drone  
  17  1:20  Drone  
  18  1:30  Drone  
  19  1:41  Overlord  
  19  2:00  Queen  
  19  2:01  Zergling x2  
  22  2:02  Zergling x2  
  22  2:04  Queen  
  22  2:05  Zergling x2  
  26  2:09  Metabolic Boost  
  26  2:12  Drone  
  27  2:16  Drone  
  28  2:31  Drone x2  
  30  2:39  Drone x2  
  31  2:47  Overlord  
  31  2:51  Pneumatized Carapace, Drone  
  32  2:55  Drone  
  32  2:58  Drone  
  33  2:59  Queen  
  35  3:10  Drone  
  35  3:11  Drone  
  37  3:18  Drone  
  38  3:22  Overlord  
  38  3:25  Drone x2  
  40  3:37  Overlord  
  39  3:43  Lair  
  39  3:44  Drone  
  40  3:49  Drone x3  
  40  3:50  Hatchery  
  40  3:51  Drone  
  40  3:52  Drone x2  
  44  4:02  Roach Warren, Spore Crawler  
  43  4:09  Spore Crawler  
  40  4:11  Drone  
  40  4:13  Extractor, Drone x3  
  43  4:28  Drone  
  43  4:29  Drone x5  
  49  4:32  Overlord  
  49  4:41  Overlord  
  49  4:42  Overlord  
  49  4:43  Glial Reconstitution  
  49  4:45  Overseer  
  49  4:47  Roach  
  51  4:54  Extractor, Roach x2  
  51  4:55  Drone x2  
  51  4:59  Extractor  
  55  5:01  Queen  
  57  5:13  Drone  
  58  5:17  Drone  
  58  5:18  Drone x3  
  62  5:26  Drone x2  
  62  5:27  Drone x6  
  70  5:36  Roach x3  
  76  5:43  Roach x5  
  76  5:44  Roach  
  76  5:48  Overlord  
  88  5:51  Drone  
  88  5:53  Evolution Chamber  
  88  5:55  Overlord, Evolution Chamber  
  87  5:58  Overlord x2  
  87  6:03  Overlord  
  87  6:06  Overlord, Spore Crawler  
  86  6:11  Overlord  
  86  6:13  Overlord  
  86  6:19  Drone x5  
  86  6:20  Drone x2  
  89  6:25  Zerg Missile Weapons Level 1  
  89  6:38  Zerg Ground Armor Level 1  
  89  6:40  Drone  
  89  6:41  Drone x8  
  89  6:47  Infestation Pit, Extractor  
  95  6:48  Extractor  
  95  6:51  Drone x2  
  95  6:52  Drone x2  
  95  6:54  Overlord  
  93  7:14  Ravager x3  
  93  7:15  Ravager x6  
  102  7:20  Hatchery  
  101  7:27  Roach x8  
  101  7:28  Overlord  
  101  7:29  Overlord  
  117  7:30  Overlord  
  117  7:34  Overlord  
  117  7:36  Overlord  
  117  7:38  Overlord  
  117  7:42  Overlord  
  117  7:45  Overlord  
  117  7:52  Drone  
  117  7:54  Hydralisk Den  
  117  7:57  Pathogen Glands  
  117  8:02  Queen  
  117  8:05  Overlord, Queen  
  121  8:11  Hive  
  109  8:39  Zerg Ground Armor Level 2, Zerg Missile Weapons Level 2, Muscular Augments  
  94  8:41  Zergling x2  
  94  8:42  Zergling x28  
  109  8:50  Drone  
  109  8:51  Queen, Drone x6  
  118  8:56  Overseer  
  118  9:04  Hydralisk x5  
  118  9:05  Hydralisk  
  130  9:13  Hydralisk x2  
  130  9:14  Hydralisk  
  136  9:17  Hydralisk x3  
  136  9:20  Hydralisk  
  136  9:22  Overlord  
  141  9:36  Hydralisk x4  
  145  9:39  Hydralisk  
  145  9:41  Hydralisk x2  
  138  9:47  Drone  
  138  9:48  Drone x5  
  126  9:55  Hydralisk  
  126  9:56  Hydralisk x3  
  129  10:01  Spore Crawler  
  129  10:06  Drone x3  
  129  10:07  Drone x2  
  133  10:15  Drone x2  
  133  10:16  Drone x2  
  133  10:21  Viper x3  
  137  10:23  Evolution Chamber  
  137  10:24  Evolution Chamber  
  142  10:29  Hydralisk x2  
  142  10:34  Hydralisk  
  132  10:47  Extractor x2  
  128  10:51  Hydralisk x8  
  144  11:02  Hatchery  
  143  11:12  Overseer  
  143  11:16  Hydralisk x3  
  147  11:23  Queen  
  147  11:24  Overlord  
  149  11:28  Spore Crawler  
  149  11:32  Queen  
  150  11:40  Hydralisk  
  150  11:41  Hydralisk x9  
  167  11:52  Overlord  
  159  12:02  Hydralisk  
  159  12:03  Hydralisk x8  
  177  12:12  Roach  
  177  12:13  Roach x6  
  177  12:14  Overlord  
Show
View Real Time Build Order
Export as new Build Order

Miszu Terran 

Build Orders: Reaper Expand, Hellion Banshee 

Get SALT Encoding   

  12  0:00  SCV  
  13  0:13  SCV  
  14  0:17  Supply Depot  
  14  0:25  SCV  
  15  0:39  SCV  
  15  0:41  Barracks  
  16  0:44  Refinery  
  16  0:51  SCV  
  17  1:03  SCV  
  18  1:15  SCV  
  19  1:28  Orbital Command  
  19  1:29  Reaper  
  20  1:44  Command Center  
  20  1:52  Supply Depot  
  20  1:55  SCV  
  20  2:01  Refinery  
  21  2:05  Marine  
  21  2:07  SCV  
  23  2:16  Factory  
  23  2:19  SCV  
  24  2:23  Barracks Reactor  
  24  2:32  SCV  
  25  2:44  SCV  
  26  2:56  SCV  
  27  3:04  Starport  
  27  3:05  Orbital Command  
  27  3:08  Hellion x2, SCV  
  32  3:12  Barracks Tech Lab  
  32  3:20  SCV  
  33  3:29  Hellion  
  33  3:30  Hellion  
  33  3:32  SCV  
  38  3:36  SCV  
  39  3:44  SCV  
  39  3:45  Supply Depot  
  39  3:48  Barracks Reactor, SCV  
  41  3:52  Hellion x2  
  45  3:56  SCV  
  46  4:07  SCV  
  46  4:08  SCV, Banshee  
  51  4:11  Supply Depot  
  51  4:15  Supply Depot  
  51  4:19  SCV  
  51  4:20  Command Center  
  51  4:21  SCV  
  53  4:29  Refinery  
  53  4:30  Refinery  
  53  4:31  SCV  
  54  4:41  Supply Depot  
  54  4:43  SCV  
  54  4:44  SCV  
  56  4:47  Liberator  
  56  4:48  Liberator  
  56  4:55  Hellion x2, SCV  
  56  4:59  SCV  
  62  5:04  Supply Depot  
  68  5:07  SCV  
  68  5:11  SCV  
  70  5:18  Armory  
  70  5:19  SCV  
  71  5:27  Supply Depot  
  71  5:29  SCV  
  71  5:30  Liberator x2  
  71  5:31  SCV  
  71  5:33  Starport, Orbital Command  
  73  5:35  Starport  
  73  5:43  SCV  
  73  5:44  SCV  
  81  5:55  SCV  
  81  5:56  SCV  
  83  6:00  Orbital Command  
  83  6:07  Engineering Bay  
  81  6:13  Liberator x2  
  81  6:15  Refinery  
  81  6:16  Refinery  
  81  6:18  Banshee  
  81  6:19  Starport Tech Lab  
  81  6:24  SCV  
  82  6:25  SCV  
  82  6:27  Orbital Command  
  89  6:39  Banshee  
  90  6:49  SCV x2  
  90  6:51  Fusion Core  
  92  6:57  SCV  
  93  7:01  SCV  
  93  7:03  Supply Depot  
  93  7:04  Supply Depot  
  93  7:05  Hellion x2  
  93  7:06  Terran Ship Weapons Level 1, SCV  
  93  7:08  Liberator  
  96  7:10  SCV  
  96  7:13  Banshee  
  100  7:22  Banshee  
  103  7:25  Liberator  
  109  7:47  Starport  
  109  7:48  Starport  
  109  7:50  Hyperflight Rotors  
  109  7:52  SCV x2  
  109  7:53  SCV  
  109  7:55  Supply Depot x2  
  109  7:56  Banshee  
  109  7:57  Supply Depot, Command Center  
  115  7:59  Supply Depot  
  115  8:04  SCV  
  115  8:05  SCV x2  
  118  8:08  Banshee  
  121  8:16  SCV  
  121  8:17  SCV  
  123  8:23  Orbital Command  
  112  8:34  Liberator x2  
  83  8:43  Starport Tech Lab, Banshee  
  83  8:44  Starport Tech Lab  
  83  8:50  Banshee  
  92  9:00  SCV  
  92  9:01  SCV  
  94  9:06  Banshee  
  94  9:07  Advanced Ballistics  
  97  9:13  Banshee  
  97  9:15  Hellion x2  
  104  9:17  SCV  
  104  9:20  SCV x2  
  104  9:24  Supply Depot x2  
  107  9:25  Banshee  
  107  9:29  SCV  
  108  9:32  SCV x2  
  108  9:33  Banshee  
  108  9:36  Hellion  
  98  9:41  SCV  
  81  9:48  Liberator  
  81  9:49  Banshee  
  69  9:54  SCV x2  
  69  9:55  SCV  
  70  10:04  Banshee  
  70  10:06  SCV x2  
  79  10:07  SCV  
  79  10:15  Cloaking Field  
  79  10:18  Hellion x2, SCV  
  79  10:19  SCV x2  
  86  10:28  Liberator  
  86  10:30  SCV  
  86  10:31  SCV x2  
  76  10:42  SCV  
  68  10:46  SCV  
  68  10:47  SCV  
  73  11:02  Banshee  
  70  11:13  Liberator  
  67  11:21  SCV x2, Orbital Command  
  67  11:22  SCV  
  70  11:28  Liberator  
  73  11:33  SCV  
  73  11:34  SCV x2  
  73  11:37  Liberator  
  76  11:41  Liberator  
  76  11:45  SCV  
  76  11:46  SCV x2  
  82  11:51  SCV  
  89  11:58  SCV  
  93  12:05  Viking x2  
  93  12:07  SCV x3  
  94  12:10  SCV  
  94  12:13  Viking, Missile Turret  
  97  12:16  Missile Turret  
  97  12:19  SCV  
  98  12:27  Missile Turret  
Tags
 
Add a new tag
Caveats
  • Supply blocks, unpowered buildings, or Contaminate may cause inaccurate times.
  • Supply counts are checked every 10 seconds.